 Dungeon Crawl Stone Soup version 0.22-a0-147-gfdd7f25 (webtiles) character file.

15206 mhoghedin the Nimble (level 11, -9/67 HPs)
             Began as a Deep Elf Wizard on Feb 6, 2018.
             Was a Priest of Vehumet.
             Mangled by an eight-headed hydra (13 damage)
             ... on level 4 of the Lair of Beasts.
             The game lasted 00:56:09 (15579 turns).

mhoghedin the Nimble (Deep Elf Wizard)             Turns: 15579, Time: 00:56:09

Health: -9/67      AC:  7    Str:  4    XL:     11   Next: 98%
Magic:  3/24       EV: 19    Int: 27    God:    Vehumet [***...]
Gold:   627        SH:  6    Dex: 13    Spells: 4/25 levels left

rFire    . . .     SeeInvis .   a - +4 short sword (venom)
rCold    . . .     Gourm    +   r - +1 buckler
rNeg     . . .     Faith    .   p - +2 robe {Archmagi}
rPois    .         Spirit   .   i - +0 hat
rElec    .         Reflect  .   l - +0 cloak
rCorr    .         Harm     .   O - +0 pair of gloves
MR       +....                  n - +0 pair of boots
Stlth    ++++......             y - amulet of the gourmand {Gourm, !d}
HPRegen  0.21/turn              j - ring of stealth {Stlth+}
MPRegen  0.19/turn              G - ring of stealth {Stlth+}

@: very slightly contaminated
A: no striking features
a: Renounce Religion


You were on level 4 of the Lair of Beasts.
You worshipped Vehumet.
Vehumet was most pleased with you.
You were full.

You visited 3 branches of the dungeon, and saw 13 of its levels.
You also visited: Ossuary.

You collected 627 gold pieces.

Inventory:

Hand Weapons
 a - a +4 short sword of venom (weapon)
   (You took it off a kobold on level 3 of the Dungeon)
 b - a +4 dagger of electrocution
   (You found it on level 8 of the Dungeon)
 L - a +2 spear of piercing
   (You found it on level 1 of the Lair of Beasts)
Missiles
 u - a throwing net {=f, !d}
 M - 9 curare-tipped needles
Armour
 i - a +0 hat (worn)
 l - a +0 cloak (worn)
   (You found it on level 1 of the Dungeon)
 n - a +0 pair of boots (worn)
   (You found it on level 4 of the Dungeon)
 p - a +2 robe of the Archmagi (worn)
   (You found it on level 2 of the Lair of Beasts)
 r - a +1 buckler (worn)
   (You found it on level 3 of the Dungeon)
 O - a +0 pair of gloves (worn)
   (You found it on level 2 of the Lair of Beasts)
Jewellery
 j - a ring of stealth (left hand) {Stlth+}
   (You found it on level 2 of the Dungeon)
 y - an amulet of the gourmand (around neck) {Gourm, !d}
   (You found it in an ossuary)
 G - a ring of stealth (right hand) {Stlth+}
   (You found it on level 7 of the Dungeon)
Wands
 s - a wand of clouds (7)
   (You found it on level 3 of the Lair of Beasts)
 v - a wand of iceblast (3)
   (You found it on level 4 of the Dungeon)
 x - a wand of flame (3)
   (You took it off Dowan on level 5 of the Dungeon)
 E - a wand of enslavement (21)
   (You found it on level 1 of the Lair of Beasts)
 J - a wand of paralysis (11)
   (You found it on level 1 of the Lair of Beasts)
 K - a wand of acid (12)
   (You found it on level 1 of the Lair of Beasts)
Scrolls
 h - 3 scrolls of fog
 k - 3 scrolls of enchant armour
 o - 3 scrolls of amnesia
 q - 3 scrolls of immolation {!r}
 w - 6 scrolls of remove curse
 z - a scroll of holy word {unknown}
 C - a scroll of blinking {!r}
 F - 2 scrolls of enchant weapon
 P - 2 scrolls of teleportation
Potions
 e - 3 potions of lignification {!q}
 f - 4 potions of curing
 g - a potion of ambrosia
 m - 5 potions of heal wounds
 t - a potion of magic
 A - 3 potions of haste
 B - 3 potions of brilliance
 H - a potion of agility {unknown}
Books
 c - a book of Minor Magic
 D - a book of Summonings
   (You found it on level 2 of the Lair of Beasts)
Comestibles
 d - 18 rations


   Skills:
 - Level 7.5 Fighting
 - Level 8.2 Short Blades
 - Level 11.0 Dodging
 - Level 2.4 Stealth
 - Level 4.0 Shields
 - Level 7.7 Spellcasting
 + Level 6.5 Conjurations
 + Level 0.0 Hexes
 - Level 6.6 Summonings
 - Level 1.1 Translocations
 - Level 3.7 Ice Magic
 - Level 1.9 Air Magic
 - Level 2.2 Poison Magic
 - Level 3.3 Evocations


You had 4 spell levels left.
You knew the following spells:

 Your Spells              Type           Power        Failure   Level  Hunger
a - Fulminant Prism       Conj/Hex       #####.....   4%          4    ##.....
b - Blink                 Tloc           N/A          5%          2    None
c - Call Imp              Summ           ######..     1%          2    None
d - Conjure Flame         Conj/Fire      #####...     1%          3    None
f - Throw Frost           Conj/Ice       ######       1%          2    None
g - Summon Demon          Summ           ######....   10%         5    ####...
x - Mephitic Cloud        Conj/Pois/Air  #####...     1%          3    None


Dungeon Overview and Level Annotations

Branches:
Dungeon (8/15)             Temple (1/1) D:5            Lair (4/6) D:8
  Swamp (0/4) Lair:2        Snake (0/4) Lair:3

Altars:
Ashenzari
Cheibriados
Elyvilon
Fedhas
Gozag
Hepliaklqana
Kikubaaqudgha
Makhleb
Nemelex Xobeh
Okawaru
Ru
Sif Muna
Trog
Uskayaw
Vehumet
Wu Jian
Xom
The Shining One

Annotations:
Lair:2 exclusion: hydra


Message History

No target in view!
No target in view!
No target in view!
You take 7 damage, and have 53/67 hp.
No target in view!
No target in view!
An eight-headed hydra comes into view.
An eight-headed hydra is nearby!
What are your orders? t - Shout!
Orders for allies: a - Attack new target. r - Retreat! s - Stop attacking. g - Guard the area. f - Follow me.
Anything else - Cancel.
Gang up on whom?
Aim: an eight-headed hydra Attack!
A polar bear comes into view.
Okay, then.
Unknown command.
You feel a surge of power!
You conjure a prism of explosive energy!
You now have 20/24 mp.
The eight-headed hydra misses you. x2
You block the eight-headed hydra's attack. x2
The eight-headed hydra closely misses you.
The eight-headed hydra bites you! x3
Your chaos spawn gores the eight-headed hydra.
Your chaos spawn freezes the eight-headed hydra!
The eight-headed hydra seems to slow down.
Your fulminant prism crackles loudly.
You take 32 damage, and have 23/67 hp.
MASSIVE DAMAGE!!
Unknown command.
The blast of energy engulfs the eight-headed hydra.
The blast of energy engulfs your chaos spawn.
You feel a surge of power!
You blink.
You now have 18/24 mp.
Okay, then.
Unknown command.
You feel a surge of power!
You conjure a prism of explosive energy!
The eight-headed hydra is no longer moving slowly.
You now have 15/24 mp.
The chaos spawn gores your fulminant prism.
Your fulminant prism is engulfed in flames.
Your fulminant prism resists.
Your fulminant prism crackles loudly.
The chaos spawn hits your fulminant prism!
The blast of energy engulfs the eight-headed hydra.
The blast of energy engulfs the chaos spawn.
You feel a surge of power!
You conjure a prism of explosive energy!
You now have 11/24 mp.
Your fulminant prism crackles loudly.
The blast of energy engulfs the chaos spawn.
You kill the chaos spawn!
The chaos spawn degenerates into a cloud of primal chaos!
You don't know that spell.
Unknown command.
Okay, then.
Unknown command.
You feel a surge of power!
You miscast Summon Demon.
You are very lightly contaminated with residual magic.
Shadowy shapes form in the air around you, then vanish.
You now have 7/24 mp.
You feel a surge of power!
You miscast Summon Demon.
You feel a strange surge of energy!
The eight-headed hydra barely misses you.
You block the eight-headed hydra's attack. x2
The eight-headed hydra completely misses you.
The eight-headed hydra bites you!
* * * LOW HITPOINT WARNING * * *
The eight-headed hydra bites you!
* * * LOW HITPOINT WARNING * * *
The eight-headed hydra closely misses you.
The eight-headed hydra misses you.
You take 24 damage, and have 2/67 hp.
MASSIVE DAMAGE!!
You now have 2/24 mp.
You feel a surge of power!
You blink.
You now have 2/24 mp.
Aim: an eight-headed hydra (lightly wounded)
The mass of ice explodes!
The iceblast engulfs the eight-headed hydra.
You hear an angry growl.
Aim: an eight-headed hydra (moderately wounded)
The mass of ice explodes!
The iceblast engulfs the eight-headed hydra.
Aim: an eight-headed hydra (moderately wounded)
The mass of ice explodes!
The iceblast engulfs the eight-headed hydra.
Aim: an eight-headed hydra (severely wounded)
The mass of ice explodes!
The iceblast engulfs the eight-headed hydra.
The eight-headed hydra bites you!
You die...

........................,,,,,,,,,
#.......................,,,,,,,,,
..###.................#.,,,,.....
#..##...........##....P..........
...............^......P..........
#...#............................
.................................
*...............#................
,....#P..#..#.##@.....P..........
,........###.###D........#..#....
,.........######.........#..##...
,.........###....................
,................................
*###.###.........................
##* ###.###.#.................
#.# ####......########.# ###
##.##### ##.


You could see an eight-headed hydra.

Vanquished Creatures
  3 hydras
  A two-headed ogre (D:8)
  The ghost of Torax the Zephyrmancer, a journeyman TeAE of Vehumet (Lair:2)
  Sonja (Lair:2)
  2 elephants
  3 spiny frogs
  2 komodo dragons
  4 hornets (D:8)
  3 blink frogs (Lair:1)
  3 hippogriffs
  6 yaks (Lair:2)
  A wyvern (Lair:2)
  2 basilisks
  Menkaure (D:5)
  A soldier ant (D:8)
  5 water moccasins
  Duvessa (D:5)
  7 porcupines
  3 orc warriors
  An ice beast (D:7)
  2 phantoms
  2 black bears
  3 ogres (D:5)
  3 centaurs
  12 crocodiles
  2 elf zombies (Ossuary)
  11 bullfrogs
  2 scorpions
  Dowan (D:5)
  4 wights (D:6)
  3 howler monkeys (D:8)
  2 centaur zombies
  2 bullfrog zombies
  2 human zombies (Ossuary)
  4 jellies
  6 orc priests
  2 hounds
  2 bullfrog skeletons
  7 orc wizards
  Ijyb (D:5)
  2 iguanas
  2 worker ants (D:4)
  A big kobold zombie (Ossuary)
  A hound zombie (D:5)
  A hound skeleton (D:7)
  4 mummies (Ossuary)
  A howler monkey zombie (D:7)
  8 adders
  3 shadow imps
  2 adder skeletons (D:7)
  2 worms
  A dart slug (D:2)
  6 leopard geckos
  37 orcs
  3 ball pythons
  7 giant cockroaches
  6 hobgoblins
  3 jackals (D:1)
  5 quokkas
  8 bats
  4 frilled lizards
  10 goblins
  A goblin zombie (Ossuary)
  A jackal skeleton (D:4)
  5 kobolds
  A leopard gecko zombie (D:5)
  An orc zombie (Ossuary)
  8 rats
  A rat zombie (Ossuary)
259 creatures vanquished.

Vanquished Creatures (collateral kills)
  2 elephants (Lair:3)
  A hippogriff (Lair:3)
  A water moccasin (Lair:4)
  A bullfrog (Lair:4)
  A wight (D:6)
  A hound (D:8)
  An ooze (D:2)
  3 worms (D:2)
11 creatures vanquished.

Vanquished Creatures (others)
  3 orcs
  3 fulminant prisms (Lair:4)
  8 fungi
  2 plants (Lair:3)
16 creatures vanquished.

Grand Total: 286 creatures vanquished

Notes
Turn   | Place    | Note
-------+----------+-------------------------------------------
     0 | D:1      | mhoghedin the Deep Elf Wizard began the quest for the Orb.
     0 | D:1      | Reached XP level 1. HP: 10/10 MP: 7/7
   131 | D:1      | Reached skill level 5 in Spellcasting
   189 | D:1      | Reached XP level 2. HP: 15/15 MP: 6/10
   494 | D:1      | Learned a level 2 spell: Blink
   497 | D:1      | Learned a level 2 spell: Call Imp
   500 | D:1      | Learned a level 2 spell: Slow
   929 | D:2      | Reached XP level 3. HP: 19/19 MP: 8/12
  1003 | D:2      | Reached skill level 6 in Spellcasting
  1008 | D:2      | Learned a level 3 spell: Conjure Flame
  1012 | D:2      | Learned a level 3 spell: Mephitic Cloud
  1350 | D:2      | Reached skill level 1 in Poison Magic
  1368 | D:2      | Reached skill level 1 in Air Magic
  1368 | D:2      | Reached XP level 4. HP: 23/24 MP: 5/14
  2016 | D:3      | Reached skill level 2 in Conjurations
  2143 | D:3      | Found a faded altar of an unknown god.
  2255 | D:3      | Reached skill level 2 in Poison Magic
  2255 | D:3      | Reached XP level 5. HP: 22/28 MP: 2/15
  2975 | D:4      | Reached skill level 3 in Dodging
  2975 | D:4      | Reached skill level 1 in Shields
  3050 | D:4      | Reached skill level 1 in Fighting
  3228 | D:4      | Reached XP level 6. HP: 30/34 MP: 3/17
  3785 | D:4      | Found a burning altar of Makhleb.
  4018 | D:5      | Entered Level 5 of the Dungeon
  4087 | D:5      | Reached skill level 2 in Fighting
  4087 | D:5      | Reached skill level 4 in Dodging
  4087 | D:5      | Reached skill level 2 in Shields
  4116 | D:5      | Reached XP level 7. HP: 40/40 MP: 8/18
  4152 | D:5      | Noticed Menkaure
  4158 | D:5      | Killed Menkaure
  4158 | D:5      | Reached skill level 5 in Dodging
  4400 | D:5      | Reached skill level 3 in Shields
  4413 | D:5      | Reached skill level 3 in Fighting
  4429 | D:5      | Noticed Duvessa
  4429 | D:5      | Noticed Dowan
  4431 | D:5      | Killed Dowan
  4434 | D:5      | Killed Duvessa
  4434 | D:5      | Reached skill level 1 in Short Blades
  4488 | D:5      | Found a white marble altar of Elyvilon.
  4544 | D:5      | Found a sand-covered staircase.
  4553 | Ossuary  | Entered an ossuary
  4638 | Ossuary  | Reached XP level 8. HP: 39/46 MP: 16/19
  4774 | Ossuary  | Reached skill level 2 in Short Blades
  4783 | Ossuary  | Reached skill level 6 in Dodging
  5132 | D:5      | Found a sparkling altar of Nemelex Xobeh.
  5234 | D:5      | Found a staircase to the Ecumenical Temple.
  5252 | Temple   | Entered the Ecumenical Temple
  5364 | Temple   | Became a worshipper of Vehumet
  5399 | D:5      | Noticed Ijyb
  5412 | D:5      | Killed Ijyb
  5772 | D:6      | Reached skill level 4 in Shields
  5772 | D:6      | Reached skill level 3 in Conjurations
  6266 | D:6      | Reached skill level 4 in Conjurations
  6428 | D:6      | Reached skill level 5 in Conjurations
  7281 | D:6      | Reached skill level 4 in Fighting
  7281 | D:6      | Reached skill level 3 in Short Blades
  7640 | D:7      | HP: 11/48 [orc warrior/steel tomahawk (15)]
  7642 | D:7      | HP: 2/48 [scorpion (9)]
  7666 | D:6      | Reached XP level 9. HP: 7/52 MP: 7/20
  8150 | D:7      | Reached skill level 7 in Dodging
  8380 | D:7      | Reached skill level 4 in Short Blades
  8577 | D:7      | Reached * piety under Vehumet
  8577 | D:7      | Offered knowledge of Sting by Vehumet.
  8667 | D:7      | Reached skill level 5 in Fighting
  9068 | D:7      | Reached skill level 8 in Dodging
  9110 | D:7      | Reached skill level 5 in Short Blades
  9560 | D:8      | Found a staircase to the Lair.
  9600 | D:8      | Offered knowledge of Freeze by Vehumet.
  9606 | D:8      | Reached ** piety under Vehumet
  9623 | D:8      | Reached XP level 10. HP: 43/60 MP: 4/21
  9628 | D:8      | Reached skill level 9 in Dodging
  9842 | D:8      | Reached skill level 6 in Short Blades
  9985 | D:8      | Noticed a two-headed ogre
 10009 | D:8      | Killed a two-headed ogre
 10009 | D:8      | Reached skill level 6 in Fighting
 10432 | D:8      | Paralysed by a hornet for 3 turns
 10506 | D:8      | Found a snail-covered altar of Cheibriados.
 10507 | D:8      | Found a sacrificial altar of Ru.
 10757 | Lair:1   | Entered Level 1 of the Lair of Beasts
 10852 | Lair:1   | Noticed a spiny frog
 10920 | Lair:1   | Reached skill level 7 in Short Blades
 10920 | Lair:1   | Reached skill level 10 in Dodging
 11606 | Lair:1   | Reached skill level 7 in Fighting
 11741 | Lair:1   | Killed a spiny frog
 11741 | Lair:1   | Reached skill level 1 in Evocations
 11846 | Lair:1   | Noticed a four-headed hydra
 11968 | Lair:1   | Killed a four-headed hydra
 11968 | Lair:1   | Reached skill level 2 in Evocations
 11968 | Lair:1   | Reached XP level 11. HP: 29/67 MP: 20/22
 12471 | Lair:2   | Found a staircase to the Swamp.
 12471 | Lair:2   | Noticed a six-headed hydra
 12479 | Lair:2   | Noticed a six-headed hydra
 12505 | Lair:2   | Killed a six-headed hydra
 12505 | Lair:2   | Reached skill level 8 in Short Blades
 12714 | Lair:2   | Killed a six-headed hydra
 12714 | Lair:2   | Reached skill level 11 in Dodging
 12714 | Lair:2   | Reached skill level 3 in Evocations
 12848 | Lair:2   | Noticed Sonja
 12869 | Lair:2   | Learned a level 6 spell: Shadow Creatures
 12899 | Lair:2   | Offered knowledge of Throw Frost by Vehumet.
 12911 | Lair:2   | Killed Sonja
 12911 | Lair:2   | Reached skill level 3 in Summonings
 13198 | Lair:2   | Reached skill level 4 in Summonings
 13233 | Lair:2   | Learned a level 2 spell: Throw Frost
 13240 | Lair:2   | Reached skill level 1 in Ice Magic
 13254 | Lair:2   | Reached skill level 5 in Summonings
 13397 | Lair:2   | Reached *** piety under Vehumet
 13397 | Lair:2   | Reached skill level 2 in Ice Magic
 13660 | Lair:2   | Found an ancient bone altar of Kikubaaqudgha.
 14029 | Lair:2   | Noticed Torax's ghost (journeyman TeAE)
 14034 | Lair:2   | Killed Torax's ghost
 14034 | Lair:2   | Reached skill level 6 in Conjurations
 14034 | Lair:2   | Reached skill level 3 in Ice Magic
 14692 | Lair:3   | Reached skill level 6 in Summonings
 14755 | Lair:2   | HP: 11/67 [elephant (12)]
 14764 | Lair:2   | HP: 6/67 [elephant (7)]
 14780 | Lair:2   | Reached skill level 7 in Spellcasting
 14962 | Lair:2   | Learned a level 5 spell: Summon Demon
 15208 | Lair:3   | Found a staircase to the Snake Pit.
 15240 | Lair:3   | Offered knowledge of Fulminant Prism by Vehumet.
 15424 | Lair:4   | Learned a level 4 spell: Fulminant Prism
 15547 | Lair:4   | Noticed an eight-headed hydra
 15567 | Lair:4   | HP: 15/67 [eight-headed hydra (11)]
 15567 | Lair:4   | HP: 2/67 [eight-headed hydra (13)]
 15579 | Lair:4   | Mangled by an eight-headed hydra

Vault maps used:
D:1:      dpeg_arrival_houses_and_road, minmay_misc_feat_alley
D:2:      first_ration
D:3:      chequers_ecumenical_altar_simple_redux, minmay_crystal_water
D:4:      kennysheep_mini_moat, saegor_snake_ambush
D:5:      lemuel_crystal_altar, nemelex_altar_shiori,
          minmay_temple_entry_glassed_door,
          lightli_ossuary_entry_decrepit_ruins, kennysheep_generic_room_3,
          uniq_menkaure, uniq_ijyb, uniq_duvessa
D:6:      minmay_misc_feat_four_crosses
D:8:      gammafunk_temple_overflow_pools, due_lair_maze_entry_diamond,
          hangedman_pestilent_swarm
Temple:   cyrus_circular_temple
Lair:2:   minmay_swamp_entry_reptiles, basic_altar, infiniplex_staircase_pool_2,
          uniq_sonja
Lair:3:   dummy_snake_entry, serial_forest, infiniplex_forest_lined_2,
          infiniplex_forest_fountain, infiniplex_forest_clump_double,
          infiniplex_forest_clump_small, infiniplex_forest_clump_large,
          infiniplex_forest_clump_small, infiniplex_forest_lined_ring,
          minivault_19, minivault_26
Lair:4:   special_room, nzn_random_ring
Ossuary:  ossuary_minmay_tomb_2a

Skill      XL: |  1  2  3  4  5  6  7  8  9 10 11 |
---------------+----------------------------------+-----
Spellcasting   | 5 6 7 |  7.7
Poison Magic   | 1 2 |  2.2
Air Magic      | 1 |  1.9
Conjurations   | 2 5 6 |  6.5
Dodging        | 3 4 5 6 8 10 11 | 11.0
Shields        | 1 2 3 4 |  4.0
Fighting       | 1 2 3 4 5 7 |  7.5
Short Blades   | 1 3 5 7 8 |  8.2
Evocations     | 2 3 |  3.3
Summonings     | 6 |  6.6
Ice Magic      | 3 |  3.7
Stealth        | |  2.4
Translocations | |  1.1

Action                   |  1- 3 |  4- 6 |  7- 9 | 10-12 || total
-------------------------+-------+-------+-------+-------++-------
Melee: Dagger            |     6 |     5 |   196 |   177 ||   384
       Short sword       |       |    16 |   175 |    93 ||   284
 Cast: Magic Dart        |    76 |   109 |   133 |    21 ||   339
       Call Imp          |     5 |     4 |    18 |    16 ||    43
       Mephitic Cloud    |       |    12 |    26 |    27 ||    65
       Conjure Flame     |       |     3 |    20 |    11 ||    34
       Blink             |       |     1 |    25 |    32 ||    58
       Throw Frost       |       |       |       |    30 ||    30
       Summon Demon      |       |       |       |     4 ||     4
       Fulminant Prism   |       |       |       |     3 ||     3
Evoke: Wand              |       |       |    34 |    22 ||    56
  Use: Scroll            |       |    12 |    10 |     8 ||    30
       Potion            |       |       |     4 |     3 ||     7
 Stab: Sleeping          |       |     2 |     5 |     7 ||    14
       Confused          |       |     1 |     1 |    10 ||    12
       Invisible         |       |       |     1 |       ||     1
       Distracted        |       |       |       |     1 ||     1
       Paralysed         |       |       |       |     1 ||     1
  Eat: Chunk             |     1 |     4 |    17 |    17 ||    39
       Ration            |       |     2 |     2 |       ||     4
Armor: Robe              |     5 |     3 |    54 |     9 ||    71
       Leather armour    |       |       |     2 |    31 ||    33
Dodge: Dodged            |    12 |    17 |   245 |   162 ||   436
Block: Buckler           |       |       |    76 |    55 ||   131

Table legend:
 A = Spawn XP
 B = Non-spawn XP
 C = Spawn XP percentage of total XP
 D = Spawn monster count
 E = Non-spawn monster count
 F = Spawn count percentage of total count
 G = Total turns spent on level
                    A         B        C        D         E        F      G
               +---------+---------+-------+---------+---------+-------+---------
         Total |       0 |   21724 |   0.0 |       0 |     267 |   0.0 | 15579
               +---------+---------+-------+---------+---------+-------+---------
           D:1 |       0 |      38 |   0.0 |       0 |      20 |   0.0 |   909
           D:2 |       0 |      78 |   0.0 |       0 |      26 |   0.0 |  1076
           D:3 |       0 |     131 |   0.0 |       0 |      21 |   0.0 |   740
           D:4 |       0 |     287 |   0.0 |       0 |      20 |   0.0 |  1293
           D:5 |       0 |    1064 |   0.0 |       0 |      19 |   0.0 |  1051
           D:6 |       0 |    1024 |   0.0 |       0 |      30 |   0.0 |  2359
           D:7 |       0 |    1486 |   0.0 |       0 |      29 |   0.0 |  1300
           D:8 |       0 |    3693 |   0.0 |       0 |      40 |   0.0 |  1489
        Lair:1 |       0 |    3266 |   0.0 |       0 |      12 |   0.0 |  1727
        Lair:2 |       0 |    7613 |   0.0 |       0 |      28 |   0.0 |  2050
        Lair:3 |       0 |    2177 |   0.0 |       0 |       8 |   0.0 |   801
        Lair:4 |       0 |     501 |   0.0 |       0 |       5 |   0.0 |   164
       Ossuary |       0 |     366 |   0.0 |       0 |       9 |   0.0 |   496
               +---------+---------+-------+---------+---------+-------+---------

Vault maps used:
D:1:      dpeg_arrival_houses_and_road, minmay_misc_feat_alley
D:2:      first_ration
D:3:      chequers_ecumenical_altar_simple_redux, minmay_crystal_water
D:4:      kennysheep_mini_moat, saegor_snake_ambush
D:5:      lemuel_crystal_altar, nemelex_altar_shiori,
          minmay_temple_entry_glassed_door,
          lightli_ossuary_entry_decrepit_ruins, kennysheep_generic_room_3,
          uniq_menkaure, uniq_ijyb, uniq_duvessa
D:6:      minmay_misc_feat_four_crosses
D:8:      gammafunk_temple_overflow_pools, due_lair_maze_entry_diamond,
          hangedman_pestilent_swarm
Temple:   cyrus_circular_temple
Lair:2:   minmay_swamp_entry_reptiles, basic_altar, infiniplex_staircase_pool_2,
          uniq_sonja
Lair:3:   dummy_snake_entry, serial_forest, infiniplex_forest_lined_2,
          infiniplex_forest_fountain, infiniplex_forest_clump_double,
          infiniplex_forest_clump_small, infiniplex_forest_clump_large,
          infiniplex_forest_clump_small, infiniplex_forest_lined_ring,
          minivault_19, minivault_26
Lair:4:   special_room, nzn_random_ring
Ossuary:  ossuary_minmay_tomb_2a

Table legend:
 A = Turns spent in this place as a percentage of turns spent in the entire game.
 B = Non-inter-level travel turns spent in this place as a percentage of non-inter-level travel turns spent in the entire game.
 C = Inter-level travel turns spent in this place as a percentage of turns spent in this place.
 D = Turns resting spent in this place as a percentage of non-inter-level travel turns spent in this place.
 E = Turns spent auto-exploring this place as a percentage of non-inter-level travel turns spent in this place.
 F = Non-inter-level travel turns spent in this place divided by the number of levels of this place that you've seen.
                   A       B       C       D       E      F
               +-------+-------+-------+-------+-------+----------------------
         Total | 100.0 | 100.0 |   3.1 |  34.4 |  40.4 | 1078.1
       Dungeon |  65.6 |  65.0 |   4.0 |  37.4 |  40.4 | 1226.4
        Temple |   0.8 |   0.7 |   8.9 |   0.0 |  42.5 | 113.0
          Lair |  30.4 |  31.0 |   1.5 |  29.0 |  44.7 | 1168.2
       Ossuary |   3.2 |   3.3 |   0.0 |  34.9 |   0.0 | 496.0
               +-------+-------+-------+-------+-------+----------------------

Table legend:
 A = Kills in this place as a percentage of kills in entire the game.
 B = Kills by you in this place as a percentage of kills by you in the entire game.
 C = Kills by friends in this place as a percentage of kills by friends in the entire game.
 D = Other kills in this place as a percentage of other kills in the entire game.
 E = Experience gained in this place as a percentage of experience gained in the entire game.
 F = Experience gained in this place divided by the number of levels of this place that you have seen.
                   A       B       C       D       E      F
               +-------+-------+-------+-------+-------+----------------------
         Total | 100.0 | 100.0 | 100.0 | 100.0 | 100.0 | 1551.7
       Dungeon |  76.8 |  77.7 |  54.5 |  77.8 |  35.9 | 975.1
          Lair |  19.9 |  18.6 |  45.5 |  22.2 |  62.4 | 3389.2
       Ossuary |   3.4 |   3.6 |   0.0 |   0.0 |   1.7 | 366.0
               +-------+-------+-------+-------+-------+----------------------
